 Dungeon Crawl Stone Soup version 0.26-a0-663-g36e8fdb655 (webtiles) character file.

Game seed: 151503096162742833

183 mg7810 the Slasher (level 5, -4/41 HPs)
             Began as a Human Fighter on Oct 11, 2020.
             Slain by Grinder (8 damage)
             ... while paralysed by Grinder
             ... on level 3 of the Dungeon.
             The game lasted 00:05:14 (2180 turns).

mg7810 the Slasher (Human Fighter)                  Turns: 2180, Time: 00:05:15

Health: -4/41      AC: 10    Str: 18    XL:     5   Next: 94%
Magic:  5/5        EV:  2    Int:  8    God:
Gold:   174        SH:  0    Dex: 12    Spells: 4/4 levels left

rFire    + . .     SeeInvis +   a - +0 long sword
rCold    + . .     Faith    .   c - +0 kite shield
rNeg     . . .     Spirit   .   b - +0 scale mail
rPois    +         Reflect  .   (no helmet)
rElec    +         Harm     .   (no cloak)
rCorr    +         Rampage  .   (no gloves)
MR       .....                  (no boots)
Stlth    ..........             (no amulet)
HPRegen  0.13/turn              h - ring of see invisible
MPRegen  0.09/turn              p - +4 ring of protection

@: paralysed, mighty, lethally poisoned (-4 -> -6), resistant, hasted
A: no striking features
a: no special abilities


You were on level 3 of the Dungeon.
You visited 1 branch of the dungeon, and saw 3 of its levels.

You collected 174 gold pieces.

Inventory:

Hand Weapons
 a - a +0 long sword (weapon)
Armour
 b - a +0 scale mail (worn)
 c - a +0 kite shield (worn)
Jewellery
 h - a ring of see invisible (left hand)
 p - a +4 ring of protection (right hand)
Scrolls
 j - a scroll of enchant weapon {unknown}
 l - a scroll of fear {unknown}
 m - a scroll of noise {unknown}
 n - 2 scrolls of amnesia {unknown}
 o - a scroll of magic mapping {unknown}
 r - a scroll of teleportation {unknown}
 t - a scroll of identify
 u - a scroll of random uselessness {unknown}
Potions
 f - 2 potions of brilliance
 g - 5 potions of flight
 k - a potion of heal wounds {unknown}
 q - a potion of degeneration {unknown}
 s - a potion of stabbing {unknown}


   Skills:
 + Level 3.5 Fighting
 + Level 4.0 Long Blades
 + Level 3.5 Armour
 + Level 1.0 Dodging
 + Level 3.8 Shields


You had 4 spell levels left.
You didn't know any spells.
Your spell library was empty.

Dungeon Overview and Level Annotations

Branches:
Dungeon (3/15)

Altars:

Annotations:
D:3 Grinder


Message History

The adder poisons you!
You feel very mighty all of a sudden.
You feel sick. The adder bites you but does no damage. Grinder hits you.
You writhe in agony.
It was a potion of haste.
You feel yourself speed up. The adder bites you but does no damage.
Grinder hits you but does no damage. You block the adder's attack.
You slash Grinder!
Grinder is moderately wounded.
Grinder gestures at you. Pain shoots through your body!
* * * LOW HITPOINT WARNING * * *
You block the adder's attack.
It was a potion of resistance.
You feel protected.
You feel sick. Grinder gestures at you.
You suddenly lose the ability to move!
The adder bites you but does no damage. The adder bites you but does no damage.
Grinder hits you!
You die...

...†.†.......
#####.#........ ..... #
##..###.....## ....
###..###.......# ...
....## #.......# #S.
.#### #.......# .. . ##
#.....# .# ...
##########...######.#..#
.......)......>5@Slw..#
#####.....#########.###
........#.# ...
............# ##.###
............# #....
......##..#... ......
.........######o......
.#.!..#### #...# ...
...#### #.#


You could see Grinder, a worm, an adder and a leopard gecko.

Vanquished Creatures
  A sky beast (D:3)
  3 adders
  3 worms
  3 dart slugs
  A leopard gecko (D:1)
  2 orcs (D:3)
  A giant cockroach (D:3)
  5 goblins
  7 hobgoblins
  4 jackals (D:2)
  4 kobolds
  6 bats
  3 frilled lizards
  A rat (D:2)
44 creatures vanquished.

Notes
Turn   | Place    | Note
-------+----------+-------------------------------------------
     0 | D:1      | mg7810 the Human Fighter began the quest for the Orb.
     0 | D:1      | Reached XP level 1. HP: 18/18 MP: 1/1
   108 | D:1      | Reached XP level 2. HP: 23/24 MP: 2/2
   499 | D:2      | Reached XP level 3. HP: 23/29 MP: 3/3
   896 | D:2      | You fall into a shaft and drop 1 floor!
   913 | D:3      | Noticed Grinder
   918 | D:3      | Paralysed by Grinder for 4 turns
  1128 | D:2      | Reached XP level 4. HP: 35/35 MP: 4/4
  1161 | D:2      | Reached skill level 3 in Long Blades
  1678 | D:3      | Noticed a sky beast
  1715 | D:3      | Killed a sky beast
  1715 | D:3      | Reached XP level 5. HP: 12/41 MP: 5/5
  1985 | D:3      | Reached skill level 1 in Dodging
  2133 | D:3      | Reached skill level 4 in Long Blades
  2155 | D:3      | Paralysed by Grinder for 6 turns
  2179 | D:3      | Paralysed by Grinder for 3 turns
  2180 | D:3      | Slain by Grinder

Illustrated notes

Levels and vault maps discovered:
D:1:      ncdulo_halloftheorcs, layout_rooms
D:2:      layout_loops_corners
D:3:      layout_rooms, trog_eyes_of_draining, uniq_grinder

Skill      XL: |  1  2  3  4  5 |
---------------+----------------+-----
Long Blades    | 3 4 |  4.0
Dodging        | 1 |  1.0
Fighting       | |  3.5
Armour         | |  3.5
Shields        | |  3.8

Action                   |  1- 3 |  4- 6 || total
-------------------------+-------+-------++-------
Melee: Long sword        |    95 |    91 ||   186
  Use: Scroll            |     2 |     1 ||     3
       Potion            |       |     3 ||     3
Armor: Scale mail        |    43 |    51 ||    94
Dodge: Dodged            |    25 |    24 ||    49
Block: Kite shield       |    46 |    43 ||    89
       Rpst.: Long sword |     4 |     5 ||     9

Table legend: (Time is in decaauts)
 A = Elapsed time spent in this place.
 B = Non-inter-level travel time spent in this place.
 C = Inter-level travel time spent in this place.
 D = Time resting spent in this place.
 E = Time spent auto-exploring this place.
 F = Levels seen in this place.
 G = Mean time per level.
                   A        B        C        D        E       F      G
               +--------+--------+--------+--------+--------+-----+--------+
         Total |   2242 |   2154 |     88 |      0 |   1702 |   3 |  747.3 |
       Dungeon |   2242 |   2154 |     88 |      0 |   1702 |   3 |  747.3 |
               +--------+--------+--------+--------+--------+-----+--------+

Top non-repeatable levels by time:
     D:2: 1436 daAuts
     D:3: 421 daAuts
     D:1: 384 daAuts
